 Dungeon Crawl Stone Soup version 0.27.0-1-g7a089689b8 (webtiles) character file.

Game seed: 9433311723891270395

442 hawla the Grave Robber (level 6, 0/34 HPs)
             Began as a Deep Elf Necromancer on Aug 11, 2021.
             Slain by a mummy (17 damage)
             ... in an ossuary.
             The game lasted 00:20:13 (6253 turns).

hawla the Grave Robber (Deep Elf Necromancer)       Turns: 6253, Time: 00:20:14

Health: 0/34       AC:  4    Str:  5    XL:     6   Next: 71%
Magic:  15/15      EV: 13    Int: 22    God:
Gold:   93         SH:  5    Dex: 15    Spells: 7/15 levels left

rFire    . . .     SeeInvis .   e - staff of earth
rCold    . . .     Faith    .   (no shield)
rNeg     . . .     Spirit   .   a - +1 robe
rPois    .         Reflect  +   h - +1 hat
rElec    .         Harm     .   (no cloak)
rCorr    .         Rampage  .   (no gloves)
Will     .....                  (no boots)
Stlth    ++........             d - amulet of reflection
HPRegen  0.11/turn              (no ring)
MPRegen  0.14/turn              (no ring)

@: flying
A: no striking features
a: no special abilities


You were in an ossuary.
You visited 1 branch of the dungeon, and saw 4 of its levels.
You also visited: Ossuary.

You collected 93 gold pieces.

Inventory:

Armour
 a - a +1 robe (worn)
 h - a +1 hat (worn)
Magical Staves
 e - a staff of earth (weapon)
Jewellery
 d - an amulet of reflection (around neck)
Wands
 i - a wand of iceblast (13)
Scrolls
 j - 2 scrolls of blinking
 k - a scroll of enchant weapon
Potions
 g - a potion of cancellation {unknown}


   Skills:
 + Level 1.0 Fighting
 + Level 1.9 Staves
 + Level 3.0 Dodging
 + Level 3.0 Stealth
 + Level 5.2 Spellcasting
 + Level 6.9 Necromancy
 + Level 2.0 Earth Magic
 + Level 2.0 Evocations


You had 7 spell levels left.
You knew the following spells:

 Your Spells              Type           Power      Damage    Failure   Level
a - Pain                  Necr           100%       1d9       1%          1
b - Vampiric Draining     Necr           18%        2d8       1%          3
c - Animate Dead          Necr           18%        N/A       5%          4

Your spell library contained the following spells:

 Spells                   Type           Power      Damage    Failure   Level
 Animate Skeleton         Necr           72%        N/A       1%          1
 Sublimation of Blood     Necr           18%        N/A       1%          2
 Apportation              Tloc           10%        N/A       10%         1
 Wereblood                Tmut           5%         N/A       16%         2
 Agony                    Necr           36%        N/A       16%         5
 Alistair's Intoxication  Tmut/Pois      3%         N/A       95%         5
 Invisibility             Hex            2%         N/A       100%        6
 Summon Hydra             Summ           2%         N/A       100%        7
 Chain Lightning          Conj/Air       2%         3d3       100%        9
 Fire Storm               Conj/Fire      2%         8d1       100%        9


Dungeon Overview and Level Annotations

Branches:
Dungeon (4/15)            Ossuary (1/1)
 Temple: D:4-7

Altars:
Cheibriados
Elyvilon
Gozag
Kikubaaqudgha
Trog
Uskayaw
Zin
The Shining One


Message History

You hit the mummy.
The mummy is heavily damaged.
The mummy is no longer paralysed.
The mummy hits you but does no damage.
You hit the mummy.
The mummy is severely damaged.
You hit the mummy.
The mummy is severely damaged.
The mummy hits you!
You hit the mummy but do no damage.
The mummy is severely damaged.
The mummy barely misses you.
Aiming: Paralyse
Press: ? - help, Shift-Dir - straight line, f/p - mummy
Aim: a mummy (severely damaged, chance to affect: 51%)
The mummy resists with significant effort.
The now-empty wand crumbles to dust.
You barely miss the mummy.
The mummy is severely damaged.
You block the mummy's attack.
You barely miss the mummy.
The mummy is severely damaged.
The mummy barely misses you.
You barely miss the mummy.
The mummy is severely damaged.
You barely miss the mummy.
The mummy is severely damaged.
You block the mummy's attack.
You hit the mummy but do no damage.
The mummy is severely damaged.
You block the mummy's attack.
You hit the mummy.
The mummy is almost destroyed.
You hit the mummy but do no damage.
The mummy is almost destroyed.
The mummy barely misses you.
You hit the mummy but do no damage.
The mummy is almost destroyed.
The mummy hits you!
Ouch! That really hurt!
You die...

#∩###...##
#..'....'#
#∩###...##
### ##'##
#.# #.##
#..####+##
##..##...##
##.'.@M..+
####...##
##+##


You could see a mummy.

Vanquished Creatures
  A sky beast (D:4)
  An ogre (D:2)
  A scorpion (D:3)
  Ijyb (D:3)
  A mummy (Ossuary)
  3 gnolls
  An adder (D:2)
  2 adder skeletons
  4 worms
  A dart slug (D:3)
  An orc (D:3)
  8 ball pythons
  9 endoplasms
  3 giant cockroaches
  9 hobgoblins
  13 jackals
  7 kobolds
  A quokka (D:2)
  11 bats
  A frilled lizard (D:2)
  A gnoll skeleton (Ossuary)
  17 goblins
  2 kobold skeletons (Ossuary)
  8 rats
107 creatures vanquished.

Notes
Turn   | Place    | Note
-------+----------+-------------------------------------------
     0 | D:1      | hawla the Deep Elf Necromancer began the quest for the Orb.
     0 | D:1      | Reached XP level 1. HP: 10/10 MP: 6/6
    43 | D:1      | Reached skill level 5 in Necromancy
    66 | D:1      | Reached XP level 2. HP: 4/15 MP: 0/8
  1014 | D:1      | Reached XP level 3. HP: 14/20 MP: 3/9
  1018 | D:1      | Learned a level 3 spell: Vampiric Draining
  1473 | D:1      | Found a faded altar of an unknown god.
  1601 | D:2      | Reached skill level 1 in Fighting
  2158 | D:2      | Reached XP level 4. HP: 24/25 MP: 9/11
  2163 | D:2      | Learned a level 4 spell: Animate Dead
  2373 | D:2      | HP: 1/25 [gnoll (7)]
  2898 | D:2      | Reached skill level 6 in Necromancy
  3905 | D:2      | Reached skill level 1 in Evocations
  4011 | D:2      | Noticed an ogre
  4017 | D:2      | Killed an ogre
  4018 | D:2      | Reached skill level 1 in Staves
  4018 | D:2      | Reached skill level 1 in Earth Magic
  4018 | D:2      | Reached XP level 5. HP: 29/29 MP: 5/13
  4111 | D:3      | Reached XP level 6. HP: 29/34 MP: 9/14
  4818 | D:3      | Noticed Ijyb
  4827 | D:3      | Killed Ijyb
  5306 | D:3      | Found a glowing golden altar of the Shining One.
  5339 | D:3      | Found a glowing silver altar of Zin.
  5339 | D:3      | Found an opulent altar of Gozag.
  5417 | D:4      | Noticed a sky beast
  5425 | D:4      | Killed a sky beast
  5426 | D:4      | Reached skill level 5 in Spellcasting
  5641 | D:4      | Found an ancient bone altar of Kikubaaqudgha.
  5646 | D:4      | Found a white marble altar of Elyvilon.
  5650 | D:4      | Found a hide-covered altar of Uskayaw.
  5651 | D:4      | Found a snail-covered altar of Cheibriados.
  5652 | D:4      | Found a bloodstained altar of Trog.
  5741 | D:4      | Found a sand-covered staircase.
  5765 | Ossuary  | Entered an ossuary
  6253 | Ossuary  | Slain by a mummy

Illustrated notes

Levels and vault maps discovered:
D:1:      minmay_arrival_arboretum_small, layout_basic,
          shapermc_ecumenical_altar_mp_vishouse
D:2:      layout_loops_ring, minmay_misc_feat_hallway, minmay_divided_ellipse
D:3:      kennysheep_goblin_castle, layout_basic,
          grunt_temple_overflow_gold_and_silver, mainiacjoe_overflow_alcove_2,
          minivault_27, nrook_mini_vaults
D:4:      layout_layer_cave, minitemple, enter_ossuary_3
Ossuary:  ossuary_due_small_catacomb

Skill      XL: |  1  2  3  4  5  6 |
---------------+-------------------+-----
Necromancy     | 5 6 |  6.9
Stealth        | 3 |  3.0
Dodging        | 3 |  3.0
Fighting       | 1 |  1.0
Spellcasting   | 4 5 |  5.2
Evocations     | 1 2 |  2.0
Staves         | 1 |  1.9
Earth Magic    | 1 2 |  2.0

Action                   |  1- 3 |  4- 6 || total
-------------------------+-------+-------++-------
Melee: Dagger            |     1 |       ||     1
       Staff             |     5 |    65 ||    70
 Cast: Pain              |    77 |   106 ||   183
       Vampiric Draining |     2 |    10 ||    12
       Animate Dead      |       |     1 ||     1
Evoke: Wand              |       |     5 ||     5
  Use: Scroll            |     1 |     4 ||     5
       Potion            |     1 |     3 ||     4
 Stab: Paralysed         |       |    11 ||    11
       Sleeping          |       |     1 ||     1
Armor: Robe              |     6 |    11 ||    17
Dodge: Dodged            |    26 |    35 ||    61
Block: Other             |       |    15 ||    15
       Reflection        |       |     4 ||     4
